 Dungeon Crawl Stone Soup version 0.19.1 (webtiles) character file.

220 zeke the Covered (level 5, 0/70 HPs)
             Began as a Minotaur Fighter on Dec 16, 2016.
             Succumbed to SpaceCob's ghost's poison
             ... on level 3 of the Dungeon on Dec 20, 2016.
             The game lasted 00:05:09 (1284 turns).

zeke the Covered (Minotaur Fighter)                 Turns: 1284, Time: 00:05:10

Health: 0/70       AC: 22    Str: 22    XL:     5   Next: 64%
Magic:  4/4        EV:  2    Int:  5    God:
Gold:   101        SH: 10    Dex: 14    Spells: 0 memorised, 4 levels left

rFire  . . .     SeeInvis .     a - +0 war axe
rCold  . . .     Gourm    .     (armour currently unavailable)
rNeg   + + +     Faith    .     c - +0 shield
rPois  +         Spirit   .     (helmet currently unavailable)
rElec  .         Reflect  .     (cloak currently unavailable)
rCorr  .         Harm     .     (gloves currently unavailable)
MR     .....     NoTele   +     (boots currently unavailable)
Stlth  ++........               q - amulet of magic regeneration
                                (no ring)
                                (no ring)

@: agile, lethally poisoned (0 -> -3), tree-form
A: (retaliatory headbutt), (horns 0), (talons 0), (molten scales 0), blurry
vision 1
a: no special abilities


You were on level 3 of the Dungeon.
You were not hungry.
You were a tree.
You visited 1 branch of the dungeon, and saw 3 of its levels.

You collected 101 gold pieces.

Inventory:

Hand Weapons
 a - a +0 war axe (weapon)
Armour
 b - a +0 scale mail (melded)
 c - a +0 shield (worn)
 m - a +0 pair of boots (melded)
Jewellery
 q - an amulet of magic regeneration (around neck)
Scrolls
 h - 3 scrolls of teleportation {unknown}
 i - 3 scrolls of amnesia
Potions
 d - a potion of might
 e - a potion of lignification
 g - a potion of mutation
Comestibles
 f - 2 bread rations
 j - a chunk of flesh
 l - 2 meat rations


   Skills:
 + Level 4.6 Fighting
 * Level 4.4 Axes
 + Level 5.0 Armour
 - Level 0.4 Dodging
 + Level 4.7 Shields


You had 4 spell levels left.
You didn't know any spells.

Dungeon Overview and Level Annotations

Branches:
Dungeon (3/15)

Altars:


Innate Abilities, Weirdness & Mutations

((You reflexively headbutt those who attack you in melee.))
((You have a pair of horns on your head.))
((You have sharp toenails.))
((You are partially covered in molten scales. (AC +2)))
Scrolls take you a little longer to read.


Message History

There is a lethal amount of poison in your body!
Okay, then.
* * * LOW HITPOINT WARNING * * *
You feel sick.
You begin reading the scroll.
You continue reading the scroll.
As you read the scroll labeled EPE JURGHEKADOD, it crumbles to dust.
It is a scroll of amnesia.
You feel forgetful for a moment.
* * * LOW HITPOINT WARNING * * *
You feel sick.
You begin reading the scroll.
You continue reading the scroll.
As you read the scroll labeled ALOKE MUIZ, it crumbles to dust.
The dust glows dull orange!
It was a scroll of random uselessness.
* * * LOW HITPOINT WARNING * * *
You feel sick.
You begin reading the scroll.
You continue reading the scroll.
As you read the scroll labeled TAUMOX ELUIGH, it crumbles to dust.
It is a scroll of recharging.
You aren't carrying any rechargeable items.
You die...

#.# #.# #.# #.##
... #.#
o#######.#
.o.....)(####.#.#
########(♣......#
#[####.... #.# .
#.# #.# ######.#
#.....#..#
########.###.#
#...###.## #..


There were no monsters in sight!

Vanquished Creatures
  The ghost of SpaceCob the Magician, a weakling DsWz (D:3)
  An orc priest (D:3)
  An orc wizard (D:3)
  A worker ant (D:3)
  5 gnolls
  A worm (D:2)
  A leopard gecko (D:1)
  5 orcs (D:3)
  2 bats (D:1)
  2 giant cockroaches
  8 goblins
  4 hobgoblins
  2 quokkas (D:2)
  A ball python (D:2)
  A frilled lizard (D:3)
  4 kobolds
  5 rats
45 creatures vanquished.

Notes
Turn   | Place    | Note
-------+----------+-------------------------------------------
     0 | D:1      | zeke the Minotaur Fighter began the quest for the Orb.
     0 | D:1      | Reached XP level 1. HP: 19/19 MP: 0/0
   172 | D:1      | Reached skill level 4 in Armour
   172 | D:1      | Reached XP level 2. HP: 27/27 MP: 1/1
   752 | D:1      | Reached XP level 3. HP: 33/33 MP: 2/2
  1205 | D:3      | Reached XP level 4. HP: 36/40 MP: 3/3
  1251 | D:3      | Noticed SpaceCob's ghost (weakling DsWz)
  1256 | D:3      | Reached XP level 5. HP: 44/47 MP: 4/4
  1271 | D:3      | Killed SpaceCob's ghost
  1273 | D:3      | Gained mutation: Scrolls take you a little longer to read. [potion of mutation]
  1273 | D:3      | Gained mutation: You have sharp toenails. [potion of mutation]
  1273 | D:3      | Gained mutation: You are partially covered in molten scales. (AC +2) [potion of mutation]
  1277 | D:3      | Reached skill level 5 in Armour
  1277 | D:3      | HP: 3/70 [poisoned by SpaceCob's ghost]
  1282 | D:3      | HP: 1/70 [poisoned by SpaceCob's ghost]
  1284 | D:3      | Succumbed to SpaceCob's ghost's poison

Skill      XL: |  1  2  3  4  5 |
---------------+----------------+-----
Armour         | 4 5 |  5.0
Shields        | 4 |  4.7
Fighting       | 4 |  4.6
Axes           | 3 4 |  4.4
Dodging        | |  0.4

Action                   |  1- 3 |  4- 6 || total
-------------------------+-------+-------++-------
Melee: War axe           |    74 |    33 ||   107
       Headbutt          |    10 |     7 ||    17
  Use: Scroll            |     1 |     3 ||     4
       Potion            |       |     6 ||     6
  Eat: Chunk             |       |     1 ||     1
Armor: Scale mail        |    30 |    19 ||    49
       Skin              |       |     2 ||     2
Dodge: Dodged            |    19 |     8 ||    27
Block: Shield            |    27 |    21 ||    48
